 Dungeon Crawl Stone Soup version 0.31-a0-675-g238779eb0a (webtiles) character file.

Game seed: 8681977654081797702

630 Xavori the Sneak (level 7, -3/48 HPs)
             Began as an Octopode Chaos Knight on Sept 6, 2023.
             Was a Plaything of Xom.
             Slain by a ghost moth (shapeshifter) (16 damage)
             ... on level 4 of the Dungeon.
             The game lasted 00:03:53 (5617 turns).

Xavori the Sneak (Octopode Chaos Knight)            Turns: 5617, Time: 00:03:54

Health: -3/48      AC:  5    Str: 10 (11) XL:     7   Next: 48%
Magic:  0/7        EV: 15    Int: 12 (14) God:    Xom [...*..]
Gold:   43         SH:  0    Dex: 20      Spells: 3/6 levels left

rFire   . . .        u - +2 short sword (speed)
rCold   . . .        (no shield)
rNeg    . . .        (helmet restricted)
rPois   .            (no amulet)
rElec   .            c - +6 ring of dexterity
rCorr   .            (no ring)
SInv    .            (no ring)
Will    .....        (no ring)
Stlth   +++++        (no ring)
HPRegen 0.28/turn    (no ring)
MPRegen 0.10/turn    (no ring)
                     (no ring)

%: no passive effects
@: no status effects
A: almost no armour, amphibious, 8 rings, camouflage 1, gelatinous body 1,
(nimble swimmer 1), tentacles, iridescent scales 2
a: Renounce Religion


You were on level 4 of the Dungeon.
You worshipped Xom.
You were a favourite toy of Xom.
You visited 1 branch of the dungeon, and saw 4 of its levels.

You collected 187 gold pieces.
You spent 144 gold pieces at shops.

Inventory:

Hand Weapons
 a - a +0 short sword of chaos
 r - a +3 dagger of electrocution
 u - a +2 short sword of speed (weapon)
Missiles
 q - 2 throwing nets
Jewellery
 c - a +6 ring of dexterity (left tentacle)
Wands
 j - a wand of charming (2)
Scrolls
 b - 2 scrolls of butterflies
 g - 2 scrolls of enchant armour {unknown}
 h - 2 scrolls of immolation {unknown}
 i - a scroll of amnesia {unknown}
 n - a scroll of enchant weapon {unknown}
 o - 2 scrolls of poison
 s - a scroll of fog {unknown}
 t - 3 scrolls of identify {unknown}
 v - a scroll of blinking {unknown}
Potions
 d - 2 potions of mutation {unknown}
 e - 2 potions of attraction {unknown}
 f - 2 potions of might
 k - a potion of haste {unknown}
 l - a potion of brilliance {unknown}
 m - 2 potions of heal wounds
 p - 4 potions of curing
 w - a potion of degeneration {unknown}


   Skills:
 + Level 4.0 Fighting
 + Level 4.5 Short Blades
 + Level 3.4 Dodging
 + Level 6.1 Stealth
 * Level 2.4 Hexes
 * Level 2.7 Evocations


You had 3 spell levels left.
You knew the following spells:

 Your Spells              Type           Power      Damage    Failure   Level
a - Confusing Touch       Hex            5%         N/A       36%         3

Your spell library contained the following spells:

 Spells                   Type           Power      Damage    Failure   Level
 Kiss of Death            Conj/Necr      0%         2d5       32%         1
 Cigotuvi's Dreadful Rot  Necr/Pois/Air  0%         N/A       45%         2
 Lesser Beckoning         Tloc           0%         N/A       45%         2
 Gell's Gravitas          Tloc           0%         N/A       69%         3
 Ignite Poison            Fire/Tmut/Pois 0%         N/A       69%         3
 Teleport Other           Tloc           0%         N/A       69%         3
 Dispel Undead            Necr           0%         3d6       97%         4
 Freezing Cloud           Conj/Ice/Air   0%         6-21      100%        5
 Death Channel            Necr           0%         N/A       100%        6


Dungeon Overview and Level Annotations

Branches:
Dungeon (4/15)
 Temple: D:4-7

Altars:
Ru
Uskayaw
Vehumet
Xom

Shops:
D:4 !


Innate Abilities, Weirdness & Mutations

You cannot wear most types of armour.
You are amphibious.
You can wear up to eight rings at the same time.
Your skin changes colour to match your surroundings (Stealth+).
Your rubbery body absorbs attacks. (AC +1, EV +1)
((You are camouflaged when in or above water. (Stealth+)))
You have tentacles for arms and can constrict up to eight enemies at once.
You are mostly covered in iridescent scales. (AC +4)


Message History

Key pressed, stopping explore.
You open the door.
Found a stone staircase leading down.
There is an open door here.
You open the door.
There is an open door here.
There is an open door here.
Things that are here:
a +0 club; a +0 chain mail
There is an open door, spattered with blood here.
There is an open door here.
There is an open door here.
There is an open door here.
Found a stone staircase leading up.
e - 2 orange potions (gained 1)
There is a sacrificial altar of Ru here. "This place needs a little more atmosphere."
An endoplasm comes into view.
An endoplasm is nearby!
The endoplasm quivers.
You hit the endoplasm.
The endoplasm is moderately wounded.
The endoplasm barely misses you.
You hit the endoplasm. You squeeze the endoplasm.
You kill the endoplasm!
No target in view!
You feel you are being watched by something.
You feel your power leaking away. Something hits you!!
You feel weakened.
Deactivating autopickup; reactivate with Ctrl-A.
Something hits you!
You feel dopey. Something stings you!
* * * LOW HITPOINT WARNING * * *
You feel dopey.
Okay, then.
You feel you are being watched by something.
Something hits you!
You die...

.......#####..#....#
.>.....# #...#..§.#
.......# #...#....#
.......+ #<..#..§.#
.......# #...#....#
.......# ##..#..§.#
..###### #.§..# ..#
#.§..# ..# #§@..#
..# #§{..# ..#
#....# .## #....#
###### #....#
#....## #....#
#~....## #....#
#.#~#~.## #....#
#.#.##^.# #....#


There were no monsters in sight!

Vanquished Creatures
  A sky beast (D:4)
  An ogre (D:4)
  A scorpion (D:4)
  Dowan (D:4)
  An orc priest (D:4)
  An iguana (D:4)
  An orc wizard (D:4)
  An adder (D:2)
  A worm (D:2)
  2 dart slugs
  5 orcs (D:4)
  6 ball pythons
  9 bats
  5 endoplasms
  6 giant cockroaches
  17 goblins
  7 hobgoblins
  7 jackals
  4 quokkas
  A frilled lizard (D:2)
  5 kobolds
  4 rats
87 creatures vanquished.

Vanquished Creatures (collateral kills)
  Duvessa (D:4)
  2 orc priests (D:4)
  2 goblins (D:4)
5 creatures vanquished.

Vanquished Creatures (others)
  A jackal zombie (D:4)
1 creature vanquished.

Grand Total: 93 creatures vanquished

Notes
Turn   | Place    | Note
-------+----------+-------------------------------------------
     0 | D:1      | Xavori the Octopode Chaos Knight began the quest for the
                  | Orb.
     0 | D:1      | Reached XP level 1. HP: 16/16 MP: 1/1
   100 | D:1      | Reached XP level 2. HP: 20/21 MP: 2/2
   382 | D:1      | Reached XP level 3. HP: 20/26 MP: 3/3
   817 | D:1      | XOM: silly message
  1468 | D:1      | XOM: divination: magic mapping
  2072 | D:1      | XOM: divination: detect creatures
  2523 | D:1      | XOM: divination: detect items
  2750 | D:1      | XOM: cloud trail
  2861 | D:1      | XOM: god gift: plate armour {god gift}
  3112 | D:1      | XOM: god gift: staff of cold
  3268 | D:1      | XOM: give mutations
  3268 | D:1      | Gained mutation: You are partially covered in iridescent
                  | scales. (AC +2) [Xom's grace]
  3268 | D:1      | Gained mutation: You are mostly covered in iridescent
                  | scales. (AC +4) [Xom's grace]
  3474 | D:2      | XOM: god gift: wand of charming (6)
  3498 | D:2      | XOM: silly message
  3577 | D:2      | XOM: polymorph frilled lizard -> goblin
  3597 | D:2      | Reached skill level 1 in Stealth
  3718 | D:2      | Reached XP level 4. HP: 32/32 MP: 4/4
  3754 | D:2      | Reached skill level 2 in Stealth
  4177 | D:3      | Learned a level 3 spell: Confusing Touch
  4325 | D:4      | Noticed a sky beast
  4327 | D:4      | Killed a sky beast
  4328 | D:4      | Reached skill level 3 in Stealth
  4328 | D:4      | Reached skill level 1 in Evocations
  4328 | D:4      | Reached XP level 5. HP: 37/37 MP: 5/5
  4337 | D:4      | XOM: confuse monster(s)
  4342 | D:4      | Reached skill level 4 in Stealth
  4342 | D:4      | Reached skill level 1 in Hexes
  4342 | D:4      | Reached XP level 6. HP: 40/43 MP: 6/6
  4481 | D:4      | a jackal changed into a shapeshifter
  4481 | D:4      | Noticed a shapeshifter (shapeshifter)
  4481 | D:4      | a shapeshifter changed into a jumping spider
  4481 | D:4      | Noticed a jumping spider (shapeshifter)
  4482 | D:4      | XOM: enchant monster (good)
  4505 | D:4      | Found a hide-covered altar of Uskayaw.
  4534 | D:4      | Noticed a harpy
  4534 | D:4      | XOM: summons friendly iron imp
  4771 | D:4      | Noticed Duvessa
  4771 | D:4      | Noticed Dowan
  4781 | D:4      | Killed Duvessa
  4782 | D:4      | Reached skill level 5 in Stealth
  4784 | D:4      | Killed Dowan
  4785 | D:4      | Reached XP level 7. HP: 39/47 MP: 7/7
  4840 | D:4      | Found a radiant altar of Vehumet.
  4856 | D:4      | Found a sacrificial altar of Ru.
  4961 | D:4      | XOM: scenery: 1 doors open
  5005 | D:4      | Found a shimmering altar of Xom.
  5150 | D:4      | Found Sedd's Distillery.
  5154 | D:4      | Bought a potion of heal wounds for 60 gold pieces
  5154 | D:4      | Bought a potion of curing for 36 gold pieces
  5154 | D:4      | Bought a potion of might for 48 gold pieces
  5381 | D:4      | XOM: summons 5 friendly demons
  5387 | D:4      | Reached skill level 6 in Stealth
  5573 | D:4      | XOM: cloud trail
  5617 | D:4      | Slain by a ghost moth (shapeshifter)

Illustrated notes

Levels and vault maps discovered:
D:1:      lemuel_arrival_broad_hall, layout_basic, minmay_pentomino_o2
D:2:      layout_loops_cross, minmay_diced_spiral
D:3:      layout_rooms
D:4:      layout_gridville, nicolae_uskayaw_dance_hall, tgw_xom,
          mainiacjoe_overflow_catch_the_wave, serial_shops,
          nicolae_shop_back_alley_shop, minmay_ogre_servants, uniq_duvessa

Skill      XL: |  1  2  3  4  5  6  7 |
---------------+----------------------+-----
Stealth        | 1 3 4 5 6 |  6.1
Evocations     | 1 2 |  2.7
Short Blades   | 4 |  4.5
Dodging        | 3 |  3.4
Hexes          | 1 2 |  2.4
Fighting       | 4 |  4.0

Action                     |  1- 3 |  4- 6 |  7- 9 || total
---------------------------+-------+-------+-------++-------
  Melee: Short sword       |    81 |    46 |    18 ||   145
         Constrict         |    26 |    14 |     9 ||    49
         Tentacles         |    19 |    13 |    21 ||    53
         Punch             |     1 |     1 |     1 ||     3
         Dagger            |       |       |    34 ||    34
  Evoke: Wand              |       |     4 |       ||     4
    Use: Scroll            |       |     1 |       ||     1
   Stab: Sleeping          |    11 |     6 |     3 ||    20
         Confused          |     1 |       |       ||     1
         Paralysed         |       |     1 |       ||     1
 Armour: Skin              |    27 |    22 |    23 ||    72
  Dodge: Dodged            |    42 |    24 |    16 ||    82

Table legend: (Time is in decaauts)
 A = Elapsed time spent in this place.
 B = Non-inter-level travel time spent in this place.
 C = Inter-level travel time spent in this place.
 D = Time resting spent in this place.
 E = Time spent auto-exploring this place.
 F = Levels seen in this place.
 G = Mean time per level.
                   A        B        C        D        E       F      G
               +--------+--------+--------+--------+--------+-----+--------+
         Total |   5576 |   5477 |     99 |   2844 |   2011 |   4 | 1394.0 |
       Dungeon |   5576 |   5477 |     99 |   2844 |   2011 |   4 | 1394.0 |
               +--------+--------+--------+--------+--------+-----+--------+

Top non-repeatable levels by time:
     D:1: 3262 daAuts
     D:4: 1270 daAuts
     D:2: 751 daAuts
     D:3: 293 daAuts
